Unix NetHack Version 5.0.0-0 post-release - last build May 31 2026 23:59:36 (970b52f25bf058293b47ddfd14a1e40e571c508c,branch:main).

Game began 2026-06-03 15:51:23, ended 2026-06-04 20:49:46.

Barrb, neutral female human Barbarian

                        -----------------------------
                        |....|...`.....^^^^^^^^^^^^.|
                        |.```|`@d..----------------+|
                        |.....g.`..|      |.........|
                        |.``.|`.`..|      |.........|
                        |..`.|%....|      |.........|
                        |-.---------      |.........|
                        |....|....|       |....<....|
                        |..`......---     |.........|
                        |..``|``...>|     |.........|
                        |....|....---     |.........|
                        -----------       -----------

Barrb the Bandit           St:18/03 Dx:15 Co:18 In:5 Wi:10 Ch:6  Neutral
Dlvl:7  $:438 HP:0(92) Pw:30(30) AC:-3 Xp:9 T:13739  Burdened

Latest messages:
 The gargoyle misses!
 The gargoyle misses!
 The gargoyle bites!
 You miss the gargoyle.
 The gargoyle misses!
 The gargoyle misses!
 The gargoyle bites!
 You miss the gargoyle.
 The gargoyle misses!
 The gargoyle hits!
 The gargoyle misses!
 The gargoyle hits!
 The gargoyle misses!
 The gargoyle bites!
 You smite the gargoyle!
 The gargoyle hits!
 The gargoyle misses!
 The gargoyle bites!
 You smite the gargoyle!
 The gargoyle hits!
 The gargoyle misses!
 The gargoyle bites!
 You miss the gargoyle.
 The gargoyle hits!
 The gargoyle misses!
 The gargoyle bites!
 You miss the gargoyle.
 The gargoyle hits!
 The gargoyle hits again!
 The gargoyle bites!
 You smite the gargoyle!
 The gargoyle hits!
 The gargoyle hits again!
 The gargoyle misses!
 You miss the gargoyle.
 You miss the gargoyle.
 The gargoyle hits!
 The gargoyle hits again!
 The gargoyle bites!
 You miss the gargoyle.
 The gargoyle misses!
 The gargoyle hits!
 The gargoyle bites!
 You miss the gargoyle.
 You miss the gargoyle.
 The gargoyle hits!
 The gargoyle hits again!
 The gargoyle bites!
 You die...
 Do you want your possessions identified? [ynq] (y) q

Inventory:
 Coins    ('$')
  $ - 438 gold pieces
 Amulets  ('"')
  I - a cursed amulet of ESP
 Weapons  (')')
  Y - 34 +0 darts (at the ready)
  b - a +0 axe (alternate weapon; not wielded)
  a - a +0 two-handed sword (weapon in hands)
 Armor    ('[')
  K - a blessed +0 dwarvish iron helm (being worn)
  X - an uncursed fireproof +0 pair of leather gloves (being worn)
  L - an uncursed +1 pair of iron shoes (being worn)
  D - an uncursed fireproof +0 cloak of displacement (being worn)
  B - a blessed +0 dwarvish mithril-coat (being worn)
 Comestibles  ('%')
  w - 2 uncursed carrots
  G - 5 uncursed food rations
  s - 3 uncursed tripe rations
  C - 3 uncursed lizard corpses
 Scrolls  ('?')
  F - 2 uncursed scrolls of destroy armor
  A - 2 blessed scrolls of earth
  f - an uncursed scroll of fire
  N - 2 uncursed scrolls of identify
  n - a blessed scroll of light
  p - 3 uncursed scrolls of light
  m - a blessed scroll of scare monster
 Potions  ('!')
  i - an uncursed potion of gain level
  Z - an uncursed potion of healing
 Rings    ('=')
  j - an uncursed ring of fire resistance
  t - a cursed ring of polymorph
  S - an uncursed ring of searching
  J - an uncursed ring of stealth (on right hand)
  O - an uncursed ring of warning (on left hand)
 Wands    ('/')
  M - a wand of cancellation (0:6)
  R - a wand of cold (0:3)
  d - a wand of digging (0:7)
  W - a wand of digging (0:4)
  E - a wand of digging (0:3)
  y - a wand of fire (0:6)
  P - a wand of lightning (0:3)
  V - a wand of make invisible (0:5)
  l - a wand of stasis (0:4)
  U - a wand of stasis (0:3)
 Tools    ('(')
  x - a blessed bag of holding containing 20 items
  q - an empty uncursed sack
  v - a blessed oil lamp
  o - an uncursed oil lamp
  u - a +0 pick-axe
  H - an uncursed skeleton key
  Q - an uncursed tin whistle
  T - an uncursed towel
 Gems/Stones  ('*')
  g - 3 uncursed amethyst stones
  r - 2 uncursed jasper stones
  z - an uncursed jet stone
  e - an uncursed ruby
  h - an uncursed worthless piece of white glass
  k - an uncursed luckstone

Contents of the bag of holding:
  10 blessed +1 darts
  2 cursed -1 darts
  an uncursed +0 helm of caution
  an uncursed +0 elven cloak
  2 uncursed cream pies
  an uncursed scroll of charging
  an uncursed scroll of confuse monster
  2 uncursed scrolls of enchant armor
  3 uncursed scrolls of enchant weapon
  an uncursed scroll of magic mapping
  a blessed scroll of punishment
  2 uncursed scrolls of stinking cloud
  an uncursed potion of blindness
  2 uncursed potions of fruit juice
  2 uncursed potions of object detection
  7 potions of holy water
  an uncursed brass lantern
  an uncursed brass lantern
  an uncursed brass lantern
  a +0 unicorn horn

Barrb the Barbarian's attributes:

Background:
 You were a Bandit, a level 9 female human Barbarian.
 You were neutral, on a mission for Crom
 who was opposed by Mitra (lawful) and Set (chaotic).
 You were right-handed.
 You were in Sokoban, on level 7.
 You entered the dungeon 13739 turns ago.
 You had 4756 experience points, 364 more were needed to attain level 10.

Basics:
 You had 0 out of 92 hit points.
 You had all 30 energy points (spell power).
 Your armor class was -3.
 Your wallet contained 438 zorkmids.
 Autopickup was off.

Final Characteristics:
 Your strength was 18/03 (limit:18/100).
 Your dexterity was 15 (limit:18).
 Your constitution was 18 (limit:18).
 Your intelligence was 5 (peak:7, limit:18).
 Your wisdom was 10 (limit:18).
 Your charisma was 6 (limit:18).

Final Status:
 You weren't hungry.
 You were burdened; movement was slightly slowed.
 You were wielding a two-handed sword.
 You had basic skill with two-handed sword and could have enhanced that.

Final Attributes:
 You were piously aligned.
 You were cold resistant.
 You were poison resistant.
 You were telepathic.
 You were warned.
 You were displaced.
 You were stealthy.
 You were guarded.
 You were fast.
 You were lucky.
 You had extra luck.
 Bad luck did not time out for you.
 Good luck did not time out for you.
 You are dead.

Miscellaneous:
 You didn't encounter any bones levels.
 Total elapsed playing time was 4 hours, 18 minutes and 7 seconds.

Major events:
 Turn
    1: Barrb the neutral female human Barbarian entered the dungeon
  452: entered the Gnomish Mines
 1042: attained the rank of Pillager (level 3)
 4287: attained the rank of Bandit (level 6)
 5246: reached Mine Town
 7067: made her first wish - "blessed bag of holding", got "a bag"
 8798: acquired the Mines' End luckstone
13083: entered Sokoban
13495: completed 1st Sokoban level
13739: killed by a gargoyle

You didn't know any spells.

Skills:
 Fighting Skills
   bare handed combat [Basic]
   two weapon combat  [Unskilled]
   riding             [Unskilled]
 Weapon Skills
   dagger             [Unskilled]
   axe                [Basic]
   pick-axe           [Unskilled]
   short sword        [Unskilled]
   broadsword         [Unskilled]
   long sword         [Unskilled]
   two-handed sword   [Basic]
   saber              [Unskilled]
   club               [Unskilled]
   mace               [Unskilled]
   morning star       [Unskilled]
   flail              [Unskilled]
   hammer             [Unskilled]
   quarterstaff       [Unskilled]
   spear              [Unskilled]
   trident            [Unskilled]
   bow                [Unskilled]
 Spellcasting Skills
   attack spells      [Unskilled]
   escape spells      [Unskilled]

Voluntary challenges:
 Character rerolling was not enabled.
 You never genocided any monsters.
 You never polymorphed an object.
 You never changed form.
 You used 1 wish.
 You did not wish for any artifacts.
 You did not violate any of the special Sokoban rules.
Achievements:
 You entered the Gnomish Mines.
 You entered a shop.
 You attained the rank of Pillager.
 You attained the rank of Bandit.
 You entered Minetown.
 You entered a temple.
 You completed the Gnomish Mines.
 You entered Sokoban.

 The Dungeons of Doom: levels 1 to 9
    Level 1:
       A fountain, a grave.
    Level 2:
       A general store.
       Stairs down to The Gnomish Mines.
    Level 3:
       A fountain.
    Level 4:
       A general store.
    Level 5:
       A general store, an altar.
    Level 6:
       Some fountains.
    Level 7:
       A scroll shop, an altar, a sink.
    Level 8:
       Many fountains.
    Level 9:
       Stairs up to Sokoban, level 8.
 The Gnomish Mines: levels 3 to 10
    Level 3:
    Level 4:
    Level 5:
    Level 6:
       Many shops, a temple and an altar to Crom, some fountains.
    Level 7:
    Level 8:
    Level 9:
    Level 10:
       A fountain.
 Sokoban: levels 8 up to 7
    Level 7: <- You were here.
       Unsolved.
       Final resting place for
          you, killed by a gargoyle.
    Level 8:
       Solved.


Vanquished creatures:
  a mind flayer
  a giant mimic
  a warg
  a winter wolf
  a leocrotta
  2 human mummies
  a python
 an ettin zombie
  4 watchmen
  2 chameleons
  a giant beetle
  a winter wolf cub
  a lynx
 an iron piercer
  a scorpion
  a horse
 an ice vortex
  3 vampire bats
  2 gnome rulers
 an orc mummy
  a dwarf mummy
  4 brown puddings
  4 Green-elves
  4 lizards
  a dog
  a jaguar
  3 dwarf leaders
  a black unicorn
  a dust vortex
  a raven
  a snake
  a rope golem
  2 Woodland-elves
 an imp
  2 quasits
  a wood nymph
  2 mountain nymphs
  3 Mordor orcs
  6 rock piercers
  a rock mole
  3 ponies
  2 yellow lights
  a shrieker
 16 gnome leaders
  5 gnomish wizards
  2 gray oozes
  3 straw golems
  4 giant ants
  5 floating eyes
 16 dwarves
  3 homunculi
  a kobold leader
  a kobold shaman
 11 rothes
  a giant bat
  2 orc zombies
  a wererat
  a werejackal
  4 iguanas
 21 killer bees
 an acid blob
  2 coyotes
  8 hobbits
  a hobgoblin
  8 giant rats
  a brown mold
  a yellow mold
  a green mold
 64 gnomes
  7 garter snakes
  3 gnome zombies
  9 geckos
  8 jackals
  2 foxes
  3 kobolds
  4 goblins
  2 sewer rats
 12 grid bugs
  7 lichens
  4 kobold zombies
  6 newts
326 creatures vanquished.

No species were genocided or became extinct.

Game over:
                       ----------
                      /          \
                     /    REST    \
                    /      IN      \
                   /     PEACE      \
                  /                  \
                  |      Barrb       |
                  |      438 Au      |
                  |   killed by a    |
                  |     gargoyle     |
                  |                  |
                  |                  |
                  |       2026       |
                 *|     *  *  *      | *
        _________)/\\_//(\/(/\)/\//\/|_)_______

Goodbye Barrb the Barbarian...

You died in Sokoban on dungeon level 7 with 19989 points,
and 438 pieces of gold, after 13739 moves.
You were level 9 with a maximum of 92 hit points when you died.

